 Dungeon Crawl Stone Soup version 0.32-a0-576-g706899e69d (webtiles) character file.

Game seed: 2915677045133547885

1582715 gimp the Conqueror (level 27, 249/249 HPs)
             Began as a Coglin Berserker on Mar 2, 2024.
             Was the Champion of Trog.
             Escaped with the Orb
             ... and 3 runes!
             The game lasted 02:59:47 (76728 turns).

gimp the Conqueror (Coglin Berserker)              Turns: 76728, Time: 02:59:47

Health: 249/249    AC: 41    Str: 27    XL:     27
Magic:  20/20      EV: 17    Int: 12    God:    Trog [******]
Gold:   6298       SH:  0    Dex: 21    Spells: 26/26 levels left

rFire   + + .        a - +9 broad axe (heavy) {Junzo}
rCold   + + .        b - +3 broad axe "Tormentor" {flame, rN+++ Will+}
rNeg    + + +        w - +9 gold dragon scales
rPois   +            s - +1 helmet {Int+3}
rElec   +            W - scarf of the Zebra {rC+ rF+, Harm Will+}
rCorr   .            h - +0 pair of gloves "Obremaq" {Rampage Int+2}
SInv    .            N - +0 pair of boots of Bitterness {Regen+ Dex+3}
Will    +++++        (amulet unavailable) Stlth
                     (ring unavailable)
HPRegen 1.41/turn    (ring unavailable)
MPRegen 0.17/turn    J - geosubsystem Ver.94 {rElec Will+ Clar RMsl}

%: harm (+30% outgoing, +20% incoming), repel missiles, clarity, rampage
@: no status effects
A: off-hand wielding, slow wielding, warmup strikes, no jewellery, low MP 1,
wild magic 1
0: Orb of Zot
}: 3/15 runes: serpentine, barnacled, silver
a: Renounce Religion, Berserk, Trog's Hand, Brothers in Arms


You escaped.
You worshipped Trog.
Trog was exalted by your worship.
You visited 9 branches of the dungeon, and saw 47 of its levels.
You also visited: Trove, Bailey and Wizlab.

You collected 9800 gold pieces.
You spent 3502 gold pieces at shops.

Inventory:

Hand Weapons
 a - a +9 heavy broad axe (weapon) {Junzo}
 b - the +3 broad axe "Tormentor" (offhand) {flame, rN+++ Will+}
   (Trog gifted it to you on level 1 of the Depths)

   rN+++:     It renders you almost immune to negative energy.
   Will+:     It increases your willpower.
 c - a +5 antimagic broad axe
Missiles
 u - 7 curare-tipped darts
 F - 11 throwing nets
Armour
 h - the +0 pair of gloves "Obremaq" (worn) {Rampage Int+2}
   (You bought it in a shop on level 4 of the Snake Pit)

   Int+2:     It affects your intelligence (+2).
   Rampage:   It bestows one free step when moving towards enemies.
 s - a +1 helmet of intelligence (worn)
 w - +9 gold dragon scales (worn)
 z - a +1 pair of gloves
 N - the +0 pair of boots of Bitterness (worn) {Regen+ Dex+3}
   (You acquired it on level 3 of the Vaults)

   Dex+3:     It affects your dexterity (+3).
   Regen+:    It increases your rate of health regeneration.
 W - the scarf of the Zebra (worn) {rC+ rF+, Harm Will+}
   (You bought it in a shop on level 1 of the Snake Pit)

   Will+:     It increases your willpower.
   Harm:      It increases damage dealt and taken.
Gizmo
 J - a geosubsystem Ver.94 (installed) {rElec Will+ Clar RMsl}
   (You invented it yourself on level 3 of the Lair of Beasts)

   [geosubsystem Ver.94]

   rElec:     It insulates you from electricity.
   Will+:     It increases your willpower.
   Clar:      It protects you from confusion, rage, mesmerisation and fear.
   RMsl:      It protects you from missiles.
Wands
 A - a wand of flame (77)
 B - a wand of digging (6)
 K - a wand of charming (12)
 L - a wand of mindburst (51)
 Q - a wand of quicksilver (22)
 R - a wand of warping (42)
Scrolls
 d - 6 scrolls of poison
 e - 24 scrolls of teleportation
 f - a scroll of enchant weapon
 g - 3 scrolls of silence
 m - 5 scrolls of torment
 o - 13 scrolls of immolation
 t - 3 scrolls of blinking
 M - 10 scrolls of fog
 U - 3 scrolls of fear (quivered)
 X - 6 scrolls of vulnerability
Potions
 i - 3 potions of ambrosia
 k - 15 potions of curing
 n - 4 potions of enlightenment
 q - 9 potions of might
 v - 5 potions of haste
 x - 4 potions of mutation
 y - 6 potions of heal wounds
 C - 4 potions of resistance
 D - a potion of berserk rage
 E - 4 potions of cancellation
 G - 2 potions of invisibility
 O - 5 potions of magic
Miscellaneous
 l - a phial of floods
 p - a sack of spiders
 I - a phantom mirror
 P - a condenser vane
 Z - a lightning rod (4/4)


   Skills:
 O Level 27 Fighting
 + Level 23.4 Axes
 + Level 24.4 Armour
 - Level 18.0 Dodging
 - Level 15.0 Evocations


You had 26 spell levels left.
You didn't know any spells.
Your spell library was empty.

Dungeon Overview and Level Annotations

Branches:
Dungeon (15/15)            Temple (0/1) D:4            Lair (5/5) D:8
 Shoals (4/4) Lair:3        Snake (4/4) Lair:3          Orc (2/2) D:12
    Elf (3/3) Orc:2        Vaults (5/5) D:13          Crypt (0/3) Vaults:3
 Depths (4/4) D:15            Zot (5/5) Depths:4     Bailey (visited)
 WizLab (visited)
  Slime: Lair:4-5

Altars:
Ashenzari
Cheibriados
Dithmenos
Elyvilon
Fedhas
Gozag
Kikubaaqudgha
Makhleb
Nemelex Xobeh
Okawaru
Sif Muna
Trog
Uskayaw
Xom
Yredelemnul
Zin
Beogh
Jiyva

Shops:
D:4 [   D:6 [   D:10 =   D:12 ([   Orc:1 *   Orc:2 =![(   Elf:1 (?==:=?
Elf:3 [   Shoals:1 [   Shoals:2 ?   Snake:1 :(*   Snake:4 (?[   Vaults:3 [

Portals:
Hell: Depths:1 Depths:2 Depths:3 Depths:4
Abyss: Depths:3
Pandemonium: Depths:1 Depths:2
Ziggurat: Depths:1

Annotations:
D:3 1 runed translucent door, exclusion: door, Crazy Yiuf
D:7 4 exclusions
D:9 exclusion: 2 goblins
D:10 2 transporters
Lair:3 exclusion: 2 oklob plants
Lair:4 exclusion: 2 oklob plants
Snake:1 Roxanne
Elf:2 3 runed translucent doors, exclusion: 3 doors
Depths:1 exclusions: dread lich and 3 more exclusions
Depths:2 1 runed translucent door, exclusion: door, Cyommoer's ghost, adept DEHW


Innate Abilities, Weirdness & Mutations

You can wield a second weapon in your off-hand.
It takes a long time for you to wield or remove held weapons.
Your first few attacks do less damage.
You cannot equip rings or amulets.
Your magical capacity is low. (-10% MP)
Your spells are a little harder to cast, but a little more powerful.


Message History

a +0 robe; a +0 dagger; a human skeleton
There is a large open door here.
You see here a +0 robe.
A shadow demon comes into view.
You feel your willpower return.
The shadow demon gives a loud, deep croak!
You regained 16 hp, and now have 180/249 hp.
You barely miss the shadow demon with your +9 heavy broad axe.
You slice the shadow demon with the +3 broad axe "Tormentor"!!
You burn the shadow demon!
The shadow demon hits you but does no damage.
You slice the shadow demon with the +3 broad axe "Tormentor"!!
You burn the shadow demon.
You kill the shadow demon!
Trog accepts your kill.
There is a stone staircase leading up, spattered with blood here.
You climb upwards.
There is a stone staircase leading down here.
There is a stone staircase leading down here.
Your extra speed is starting to run out.
There is a stone staircase leading up here.
You climb upwards.
There is a stone staircase leading down, spattered with blood here.
You see here a human skeleton.
There is a stone staircase leading up, spattered with blood here.
You climb upwards.
You feel yourself slow down.
There is a stone staircase leading down, spattered with blood here.
Things that are here:
a +1 robe of willpower; a +0 dagger; a human skeleton
There is a stone staircase leading up here.
You climb upwards.
There is a stone staircase leading down here.
There is an escape hatch in the ceiling here.
Items here: ))) [[ ÷÷.
HP restored.
There is a stone staircase leading up here.
You climb upwards.
Level annotation: 2 transporters A Xooblum, a lich, a red devil and a tentacled monstrosity come into view.
There is a stone staircase leading down here.
Health restored: 249 Blink to where?
Press: ? - help, Dir - move target
Okay, then.
Unknown command.
You feel yourself speed up. The red devil barely misses you.
Press: ? - help, v - describe, . - travel
Here: Xooblum The floor.
Xooblum gestures.
Xooblum flickers and vanishes!
Deactivating autopickup; reactivate with Ctrl-A.
There is a stone staircase leading up here.
You climb upwards.
Level annotation: exclusion: 2 goblins Reactivating autopickup.
There is a stone staircase leading down here.
What level of the Dungeon? (default 1, ? - help)
There is a stone staircase leading up here.
Your extra speed is starting to run out.
You climb upwards.
There is a stone staircase leading down here.
You feel yourself slow down.
There is a stone staircase leading up here.
You climb upwards.
Level annotation: 4 exclusions
There is a stone staircase leading down, spattered with blood here.
There is a stone staircase leading up, spattered with blood here.
You climb upwards.
There is a stone staircase leading down here.
A cherub comes into view.
It is wielding a +1 scimitar of flaming.
The cherub unwields a +1 scimitar of flaming.
It stops flaming.
The cherub wields a +0 shortbow.
The cherub shoots an arrow.
The arrow completely misses you.
The cherub shoots an arrow.
The arrow completely misses you.
There is an escape hatch in the ceiling here.
The cherub shoots an arrow.
The arrow completely misses you. A mysterious force pulls you upwards.
The hatch slams shut behind you.
There is a stone staircase leading up here.
You climb upwards.
There is a stone staircase leading down here.
There is an entrance to Qiastyxae's Antique Armour Shoppe here.
There is a stone staircase leading up here.
You climb upwards.
Level annotation: 1 runed translucent door, exclusion: door, Crazy Yiuf
There is a stone staircase leading down here.
There is a stone staircase leading up here.
You climb upwards.
There is a stone staircase leading down here.
A hellephant comes into view.
The hellephant trumpets!
The hellephant blinks!
There is a stone staircase leading up here.
You climb upwards.
There is a stone staircase leading down here.
There is an open door here.
There is a staircase leading out of the dungeon here.
You have escaped!

#..#..P.P..÷............#
#..#.....P..#..#.......♣#
#..#ß...P.P.#..#.......♣
#..#.P...P..#..#......♣♣
#..#..P.P...#..#.....♣♣
#..#.P.P.P..#..#...♣♣♣
##'#...ß....##'#..♣♣
##..##########..##♣♣
#..).#......'...@#
#....'......#....#
##..##########..## ####
####


There were no monsters in sight!

Vanquished Creatures
  Frederick (Vaults:5)
  4 dread liches
  5 orbs of fire
  2 ancient liches
  Mara (Vaults:5)
  5 juggernauts
  Xtahua (Depths:4)
  A royal mummy (Depths:3)
  8 Killer Klowns (Zot:5)
  A Head Instructor (WizLab)
  Margery (Depths:3)
  Vv (Zot:1)
  Parghit (Zot:2)
  Nikola (Shoals:2)
  A curse toe (Zot:2)
  Vashnia (Snake:4)
  Norris (Depths:2)
  9 golden dragons
  A bone dragon (Vaults:3)
  3 electric golems
  13 tentacled monstrosities
  2 walking crystal tomes (Depths:3)
  5 liches
  A walking earthen tome (Depths:3)
  6 titans
  26 Orb Guardians
  2 walking frostbound tomes (Depths:3)
  A searing wretch (Depths:3)
  2 deep elf blademasters (Elf:3)
  2 deep elf master archers (Elf:3)
  3 acid blobs (Depths:3)
  7 quicksilver dragons
  3 sphinxes
  A kraken (Shoals:4)
  An ancient champion (Depths:3)
  Frances (D:13)
  Kirke (Snake:1)
  21 storm dragons
  11 tengu reavers
  Agnes (Snake:1)
  10 death cobs
  12 shadow dragons
  7 nagarajas (Snake:4)
  7 protean progenitors
  2 rockslimes (Depths:3)
  4 draconian knights
  4 draconian monks
  Aizul (Snake:1)
  4 deep elf sorcerers
  7 fire giants
  2 iron dragons (Vaults:5)
  8 frost giants
  6 ghost moths
  5 draconian shifters
  11 vault wardens
  3 deep elf elementalists (Elf:3)
  A draconian stormcaller (Zot:2)
  A balrug (Depths:2)
  18 ironbound preservers
  A cacodemon (D:15)
  5 formless jellyfish
  5 draconian scorchers
  5 draconian annihilators
  An orc warlord (Vaults:2)
  5 spriggan defenders (Depths:3)
  12 very ugly things
  3 vampire knights
  A reaper (Depths:3)
  19 stone giants
  10 ironbound thunderhulks
  6 black draconians
  5 war gargoyles
  7 deep elf death magi
  5 deep elf demonologists (Elf:3)
  13 dire elephants
  8 green draconians
  10 purple draconians
  9 white draconians
  15 yellow draconians
  9 spark wasps
  4 deep elf annihilators
  11 red draconians
  2 eidola (Depths:3)
  A crystal guardian (Vaults:3)
  6 merfolk impalers
  6 deep elf high priests
  5 ettins
  3 merfolk javelineers
  Josephine (Lair:4)
  14 yaktaur captains
  9 fire dragons
  5 rakshasas
  2 entropy weavers
  3 salamander tyrants
  27 vault guards
  5 hydras
  3 peacekeepers (Vaults:3)
  Erolcha (D:11)
  12 ironbound frosthearts
  2 alligator snapping turtles
  3 great orbs of eyes
  8 ogre magi
  5 spriggan air magi
  Erica (Lair:1)
  11 centaur warriors
  A two-headed ogre (shapeshifter) (Vaults:5)
  7 ice dragons
  A catoblepas (Lair:3)
  A merfolk aquamancer (Shoals:4)
  2 satyrs
  18 dancing weapons
  15 anacondas
  7 death yaks
  12 tengu warriors
  4 boulder beetles
  7 deep troll shamans
  3 death scarabs (Depths:3)
  2 merfolk avatars
  11 two-headed ogres
  4 orc high priests
  6 spriggan berserkers
  4 deep troll earth magi
  5 vampire magi
  A satyr (shapeshifter) (Vaults:5)
  5 shock serpents
  4 occultists
  6 naga warriors
  13 naga sharpshooters
  Sonja (Orc:2)
  12 hell knights
  A sun demon (Depths:2)
  15 deep elf knights
  5 iron trolls
  A death drake (shapeshifter) (Elf:3)
  A sixfirhy (D:15)
  A shadow wraith (Vaults:3)
  8 skysharks
  5 salamander mystics
  6 arcanists
  Lodul (D:12)
  2 shadow demons
  50 deep trolls
  4 glowing orange brains
  8 naga ritualists
  23 deep elf archers
  2 flayed ghosts (D:15)
  18 ironbound convokers
  A snapping turtle (shapeshifter) (Vaults:5)
  18 mana vipers
  A deep troll (shapeshifter) (Vaults:5)
  9 sea snakes
  7 phantasmal warriors
  2 thermic dynamos
  A sphinx simulacrum (D:15)
  A harpy (shapeshifter) (Elf:1)
  14 orc knights
  10 necromancers
  11 lindwurms
  33 deep elf zephyrmancers
  22 deep elf pyromancers
  5 orc sorcerers
  7 harpies
  A shining eye (shapeshifter) (Vaults:5)
  A faun (shapeshifter) (Vaults:5)
  36 ugly things
  14 fauns
  16 salamanders
  12 manticores
  3 kobold blastminers (Orc:1)
  3 meliai (D:15)
  An elephant (shapeshifter) (Vaults:4)
  Maurice (D:10)
  2 meliai (shapeshifter) (D:15)
  11 cyclopes
  4 merfolk sirens
  12 moths of wrath
  3 water nymphs
  5 guardian serpents (Snake:4)
  14 vault sentinels
  29 black mambas
  19 elephants
  20 naga magi
  3 torpor snails
  An eye of devastation (shapeshifter) (Elf:1)
  An orange demon (D:15)
  2 gargoyles
  2 unseen horrors (shapeshifter)
  4 rime drakes (Lair:3)
  25 cane toads
  A komodo dragon (shapeshifter) (Elf:1)
  8 komodo dragons
  22 yaktaurs
  3 efreet
  2 unseen horrors
  2 kobold demonologists
  3 tormentors
  2 tengu conjurers (Depths:1)
  A guardian mummy (Depths:3)
  6 trolls
  A polar bear (shapeshifter) (Elf:1)
  4 polar bears
  5 hornets
  30 merfolk
  6 wind drakes
  28 blink frogs
  3 tyrant leeches (Lair:5)
  12 dream sheep
  3 glass eyes
  2 raiju (shapeshifter)
  8 snapping turtles
  4 spriggan zombies (D:15)
  14 slime creatures
  18 yaks
  A vampire (D:7)
  8 water elementals
  8 wraiths
  4 spriggans (Depths:4)
  2 shadows
  2 fire dragon skeletons (D:15)
  2 yaks (shapeshifter) (Elf:1)
  3 hogs (Snake:1)
  10 wyverns
  4 fire elementals
  16 humans
  A basilisk (shapeshifter) (Elf:1)
  A golden eye (Lair:3)
  3 wargs (Orc:1)
  A redback (Vaults:4)
  8 basilisks
  4 steam dragons
  2 swamp worms (shapeshifter)
  19 vampire mosquitoes
  37 nagas
  16 water moccasins
  28 orc warriors
  5 black bears
  3 ice beasts
  A sky beast (D:6)
  2 tengu (Zot:3)
  12 ogres
  3 boggarts (D:14)
  5 centaurs
  13 wolves
  A phantom (D:6)
  3 kobold brigands
  17 bullfrogs
  3 gnoll sergeants
  6 scorpions
  2 earth elementals (Elf:1)
  12 wights
  5 killer bees (D:7)
  3 electric eels
  6 howler monkeys
  2 bombardier beetles
  3 lava snakes (Lair:3)
  5 hounds
  19 orc priests
  3 jellies (D:7)
  A sleepcap (D:5)
  An iguana (D:7)
  22 orc wizards
  14 gnolls
  A river rat (D:8)
  6 adders
  A shadow imp (D:6)
  4 white imps (D:7)
  3 ufetubi (D:7)
  2 ribbon worms
  2 dart slugs (D:1)
  74 orcs
  2 bats
  8 endoplasms
  3 giant cockroaches
  10 goblins
  9 hobgoblins
  12 jackals
  3 quokkas
  3 ball pythons
  4 frilled lizards
  9 kobolds
  3 rats
  11 aspiring fleshes
  5 tentacles (Shoals:4)
1981 creatures vanquished.

Vanquished Creatures (collateral kills)
  Rupert (Snake:1)
  Jorgrun (Shoals:1)
  A storm dragon (Zot:4)
  An alligator (Zot:4)
  A catoblepas (Lair:3)
  A sea snake (Snake:4)
  A harpy (Shoals:1)
  An ugly thing (D:15)
  3 naga magi
  A black mamba (Snake:4)
  2 cane toads (Lair:5)
  2 rime drakes (Lair:3)
  A snapping turtle (Shoals:4)
  A vampire mosquito (Lair:5)
  3 nagas
21 creatures vanquished.

Vanquished Creatures (others)
  A draconian knight (Zot:1)
  An occultist (D:15)
  A harpy (Shoals:1)
  A deep elf pyromancer (Elf:1)
  A human (Snake:1)
  A naga (Snake:4)
  A boggart (D:13)
  An orc priest (Orc:2)
  3 tentacles (Shoals:4)
11 creatures vanquished.

Grand Total: 2013 creatures vanquished

Notes
Turn   | Place    | Note
-------+----------+-------------------------------------------
     0 | D:1      | gimp the Coglin Berserker began the quest for the Orb.
     0 | D:1      | Reached XP level 1. HP: 18/18 MP: 1/1
   149 | D:1      | Reached XP level 2. HP: 24/24 MP: 2/2
   422 | D:1      | Reached ** piety under Trog
   423 | D:1      | Reached XP level 3. HP: 18/29 MP: 3/3
   834 | D:2      | Found a faded altar of an unknown god.
  1139 | D:2      | Found a burning altar of Makhleb.
  1431 | D:3      | Reached XP level 4. HP: 37/37 MP: 4/4
  2074 | D:3      | Reached skill level 4 in Fighting
  2074 | D:3      | Reached XP level 5. HP: 31/42 MP: 5/5
  2194 | D:3      | Found a runed translucent door.
  2195 | D:3      | Noticed Crazy Yiuf
  2409 | D:4      | Found Qiastyxae's Antique Armour Shoppe.
  2453 | D:4      | Reached skill level 5 in Axes
  2659 | D:4      | Found a sparkling altar of Nemelex Xobeh.
  2805 | D:4      | Found a hide-covered altar of Uskayaw.
  2895 | D:4      | Found a staircase to the Ecumenical Temple.
  2937 | D:4      | Found a bloodstained altar of Trog.
  2952 | D:4      | Reached XP level 6. HP: 31/49 MP: 6/6
  3080 | D:4      | Found a shadowy altar of Dithmenos.
  3149 | D:4      | Found a blossoming altar of Fedhas.
  3213 | D:5      | Entered Level 5 of the Dungeon
  3216 | D:5      | Found a snail-covered altar of Cheibriados.
  3238 | D:4      | HP: 1/50 [bombardier beetle (2)]
  3248 | D:4      | Reached *** piety under Trog
  3249 | D:4      | Reached skill level 5 in Fighting
  3249 | D:4      | Reached XP level 7. HP: 8/56 MP: 7/7
  4375 | D:6      | Found Hitwak's Armour Emporium.
  4383 | D:6      | Bought a +0 cloak of poison resistance for 102 gold pieces
  4485 | D:6      | Reached XP level 8. HP: 52/64 MP: 8/8
  4557 | D:6      | Reached skill level 6 in Fighting
  5250 | D:6      | Found a white marble altar of Elyvilon.
  5309 | D:6      | Found a basalt altar of Yredelemnul.
  5499 | D:7      | Reached skill level 7 in Fighting
  5499 | D:7      | Reached XP level 9. HP: 69/72 MP: 9/9
  5525 | D:7      | Reached skill level 10 in Axes
  5579 | D:7      | Noticed a troll
  5587 | D:7      | Killed a troll
  5801 | D:7      | Reached skill level 8 in Fighting
  5992 | D:7      | Reached XP level 10. HP: 47/82 MP: 10/10
  6114 | D:7      | Noticed a kobold demonologist
  6125 | D:7      | Killed a kobold demonologist
  6130 | D:7      | Reached **** piety under Trog
  6152 | D:7      | Noticed a deep elf pyromancer
  6208 | D:7      | Reached skill level 9 in Fighting
  6446 | D:7      | Killed a deep elf pyromancer
  7044 | D:8      | Noticed a death yak
  7267 | D:8      | Found a staircase to the Lair.
  7451 | D:8      | Killed a death yak
  7452 | D:8      | Reached XP level 11. HP: 89/89 MP: 11/11
  7808 | D:9      | Found a flagged portal.
  7837 | Bailey   | Entered a bailey
  8004 | Bailey   | Found a large runed translucent door.
  8004 | Bailey   | Found a large runed translucent door.
  8005 | Bailey   | Noticed a deep elf pyromancer
  8017 | Bailey   | Noticed an orc knight
  8032 | Bailey   | Killed an orc knight
  8033 | Bailey   | Reached skill level 15 in Axes
  8202 | Bailey   | Killed a deep elf pyromancer
  8603 | D:9      | Found an iron altar of Okawaru.
  8713 | D:9      | Found an opulent altar of Gozag.
  8754 | D:9      | You fall into a shaft and drop 3 floors!
  9088 | D:12     | Noticed a two-headed ogre
  9088 | D:12     | Noticed a two-headed ogre
  9094 | D:12     | Noticed an ogre mage
  9124 | D:12     | Killed a two-headed ogre
  9129 | D:12     | Killed a two-headed ogre
  9134 | D:12     | Killed an ogre mage
  9200 | D:12     | Noticed a brown ugly thing
  9201 | D:12     | Noticed a two-headed ogre
  9212 | D:12     | Killed a brown ugly thing
  9216 | D:12     | Killed a two-headed ogre
  9279 | D:11     | Noticed a white ugly thing
  9286 | D:11     | Killed a white ugly thing
  9287 | D:11     | Reached XP level 12. HP: 95/95 MP: 12/12
  9356 | D:11     | Noticed Erolcha
  9375 | D:11     | Killed Erolcha
  9434 | D:10     | Entered Level 10 of the Dungeon
  9603 | D:9      | Found a glowing silver altar of Zin.
  9683 | D:9      | Reached skill level 5 in Armour
  9957 | D:10     | Found a shimmering altar of Xom.
  9957 | D:10     | Found a shimmering altar of Xom.
  9958 | D:10     | Found a transporter.
  9965 | D:10     | Noticed a two-headed ogre
  9971 | D:10     | Killed a two-headed ogre
 10368 | D:10     | Found a transporter.
 10447 | D:10     | Found Tytiuhim's Jewellery Shoppe.
 10573 | D:10     | Found a broken altar of Ashenzari.
 10584 | D:10     | Noticed Maurice
 10605 | D:10     | Killed Maurice
 11724 | Lair:1   | Entered Level 1 of the Lair of Beasts
 12591 | Lair:1   | Noticed Erica
 12614 | Lair:1   | Killed Erica
 13216 | Lair:2   | Noticed a death yak
 13216 | Lair:2   | Noticed a death yak
 13217 | Lair:2   | Noticed a death yak
 13217 | Lair:2   | Noticed a death yak
 13226 | Lair:2   | Killed a death yak
 13227 | Lair:2   | Reached skill level 1 in Evocations
 13232 | Lair:2   | Killed a death yak
 13233 | Lair:2   | Reached XP level 13. HP: 101/101 MP: 13/13
 13878 | Lair:2   | Reached skill level 5 in Evocations
 13965 | Lair:2   | Reached ***** piety under Trog
 15008 | Lair:3   | Reached skill level 5 in Dodging
 15315 | Lair:3   | Found a staircase to the Snake Pit.
 16291 | Lair:3   | Reached XP level 14. HP: 108/108 MP: 14/14
 16348 | Lair:3   | Acquired a geosubsystem Ver.94 {rElec Will+ Clar RMsl}
 16437 | Lair:3   | Found a staircase to the Shoals.
 17230 | Lair:4   | Found a viscous altar of Jiyva.
 17886 | Lair:4   | Noticed Josephine
 17893 | Lair:4   | Killed Josephine
 18020 | Lair:4   | Identified the +8 orcbow "Erukkuegg" {speed, *Corrode rC-
                  | Str+3 Int+6}
 18524 | Lair:5   | Entered Level 5 of the Lair of Beasts
 18547 | Lair:5   | Reached skill level 10 in Armour
 18563 | Lair:5   | Reached skill level 10 in Evocations
 19977 | Lair:5   | Reached XP level 15. HP: 113/113 MP: 15/15
 20767 | Lair:5   | Identified the +1 dagger "Unnood" {freeze, rF+ rC+ rN+}
 21480 | D:12     | Found Giaqoi Zina's Armour Shoppe.
 21481 | D:12     | Found a staircase to the Orcish Mines.
 21481 | D:12     | Found Kanagaot's Weapon Shoppe.
 21512 | D:12     | Noticed Lodul
 21522 | D:12     | Killed Lodul
 22243 | Orc:1    | Entered Level 1 of the Orcish Mines
 23054 | Orc:2    | Entered Level 2 of the Orcish Mines
 23236 | Orc:2    | Noticed Sonja
 23248 | Orc:2    | Killed Sonja
 23375 | Orc:2    | Found a staircase to the Elven Halls.
 23397 | Orc:2    | Found a roughly hewn altar of Beogh.
 23974 | Orc:2    | Received a gift from Trog
 24049 | Orc:2    | Found Kohiabi's Jewellery Shop.
 24049 | Orc:2    | Found Wyrph's Antique Weapon Shoppe.
 24087 | Orc:2    | Found Ihygrin's Armour Shoppe.
 24087 | Orc:2    | Found Orish's Distillery.
 24378 | Orc:1    | Found Orchashi's Assorted Antiques.
 24386 | Orc:1    | Bought a scroll labelled PIDAGH UJIFI for 32 gold pieces
 24386 | Orc:1    | Bought a potion of curing for 96 gold pieces
 24386 | Orc:1    | Bought a scroll of identify for 64 gold pieces
 24617 | Orc:2    | Bought a runed broad axe for 252 gold pieces
 24691 | D:13     | Found a gate to the Vaults.
 24696 | D:13     | Noticed Frances
 24708 | D:12     | Reached skill level 10 in Dodging
 24836 | D:13     | Killed Frances
 25166 | D:13     | Identified the +1 leather armour of Wyvaceunt {rElec rPois
                  | Str+6 Int-4}
 25936 | D:14     | Reached XP level 16. HP: 112/120 MP: 16/16
 26403 | D:15     | Entered Level 15 of the Dungeon
 27364 | D:15     | Reached skill level 15 in Evocations
 27610 | D:15     | Found an opulent altar of Gozag.
 28510 | D:15     | Found a staircase to the Depths.
 28561 | D:15     | Received a gift from Trog
 29262 | Snake:1  | Entered Level 1 of the Snake Pit
 29309 | Snake:1  | Noticed Agnes
 29319 | Snake:1  | Killed Agnes
 29389 | Snake:1  | Noticed Rupert
 29399 | Snake:1  | Killed Rupert
 29420 | Snake:1  | Reached skill level 10 in Fighting
 29948 | Snake:1  | Identified the granite talisman "Yredwer" {Stlth+}
 29948 | Snake:1  | Noticed Roxanne
 29994 | Snake:1  | Found Yblo's Weapon Emporium.
 30155 | Snake:1  | Found Apuhenk's Book Shoppe.
 30220 | Snake:1  | Identified the serpent talisman "Fusayhiym" {Str+4 Dex+5}
 30220 | Snake:1  | Noticed Aizul
 30233 | Snake:1  | Killed Aizul
 30300 | Snake:1  | Noticed Kirke
 30324 | Snake:1  | Killed Kirke
 30968 | Snake:1  | Found Boupp's Neck Hole.
 30972 | Snake:1  | Bought the scarf of the Zebra {rC+ rF+, Harm Will+} for 553
                  | gold pieces
 31228 | Orc:2    | Bought +1 swamp dragon scales for 855 gold pieces
 31860 | Snake:2  | Reached XP level 17. HP: 121/129 MP: 17/17
 33117 | Snake:3  | Reached skill level 11 in Fighting
 34014 | Snake:4  | Entered Level 4 of the Snake Pit
 34515 | Snake:4  | Found Mytix's Weapon Boutique.
 34517 | Snake:4  | Found Sobiun's Magic Scroll Shop.
 34519 | Snake:4  | Found Cintyj's Antique Armour Boutique.
 34532 | Snake:4  | Bought a pair of crude gloves for 228 gold pieces
 34532 | Snake:4  | Identified the +0 pair of gloves "Obremaq" {Rampage Int+2}
                  | (You bought it in a shop on level 4 of the Snake Pit)
 34702 | Snake:4  | Bought a scroll of teleportation for 39 gold pieces
 34702 | Snake:4  | Bought a scroll of teleportation for 39 gold pieces
 34702 | Snake:4  | Bought a scroll of revelation for 97 gold pieces
 35297 | Snake:4  | Identified the +1 sling of Revolt {drain, rC- Will+ Dex+3}
 35480 | Snake:4  | Reached skill level 12 in Fighting
 35711 | Snake:4  | Acquired a manual of Dodging
 36850 | Snake:4  | Reached skill level 15 in Armour
 36913 | Snake:4  | Reached XP level 18. HP: 140/141 MP: 18/18
 37409 | Snake:4  | Noticed Vashnia
 37466 | Snake:4  | Killed Vashnia
 37722 | Snake:3  | Reached skill level 13 in Fighting
 38205 | Snake:4  | Reached skill level 15 in Dodging
 38431 | Snake:4  | Found an iron altar of Okawaru.
 38611 | Snake:4  | Got a serpentine rune of Zot
 38662 | Snake:4  | Received a gift from Trog
 38803 | Shoals:1 | Entered Level 1 of the Shoals
 38803 | Shoals:1 | Found Ominkyr's Armour Shoppe.
 39039 | Shoals:1 | Noticed Jorgrun
 39085 | Shoals:1 | Killed Jorgrun
 39999 | Shoals:1 | Reached skill level 14 in Fighting
 40314 | Shoals:2 | Noticed Nikola
 40325 | Shoals:2 | Killed Nikola
 40558 | Shoals:2 | Found Puihukhla's Magic Scroll Shoppe.
 40566 | Shoals:2 | Bought a scroll of fog for 80 gold pieces
 40566 | Shoals:2 | Bought a scroll of teleportation for 60 gold pieces
 41418 | Shoals:2 | Identified the +7 flail "Befygetu" {flame, Str+3}
 42299 | Shoals:4 | Entered Level 4 of the Shoals
 43262 | Shoals:4 | Got a barnacled rune of Zot
 43286 | Shoals:4 | Reached XP level 19. HP: 154/154 MP: 19/19
 43554 | Shoals:4 | Reached skill level 15 in Fighting
 44697 | Vaults:1 | Entered Level 1 of the Vaults
 45944 | Vaults:1 | Reached skill level 16 in Fighting
 46576 | Vaults:1 | Found the +8 longbow "Zephyr" {speed, Dex+3 SInv}
 47151 | Vaults:2 | Reached ****** piety under Trog
 47255 | Vaults:2 | Received a gift from Trog
 47256 | Vaults:2 | Reached skill level 17 in Fighting
 47600 | Vaults:2 | Found a portal to a secret trove of treasure.
 47903 | Vaults:2 | Reached XP level 20. HP: 82/168 MP: 6/20
 49408 | Vaults:3 | Reached skill level 18 in Fighting
 49426 | Vaults:3 | Noticed a bone dragon
 49437 | Vaults:3 | Killed a bone dragon
 49784 | Vaults:3 | Found a staircase to the Crypt.
 49820 | Vaults:3 | Found Qofor's Antique Armour Shop.
 50210 | Vaults:3 | Received a gift from Trog
 50667 | Vaults:3 | Identified the +9 great sword of Gofurix {heavy, *Corrode
                  | Will+ Str+2}
 51120 | Vaults:4 | Reached skill level 19 in Fighting
 52472 | Depths:1 | Entered Level 1 of the Depths
 52550 | Depths:1 | Identified the +3 broad axe "Tormentor" {flame, rN+++
                  | Will+} (Trog gifted it to you on level 1 of the Depths)
 52550 | Depths:1 | Received a gift from Trog
 52711 | Depths:1 | Reached XP level 21. HP: 86/181 MP: 21/21
 52988 | Depths:1 | Found a glowing silver altar of Zin.
 53150 | Depths:1 | Noticed a dread lich
 53151 | Depths:1 | Found a one-way gateway to a ziggurat.
 53151 | Depths:1 | Noticed an ancient lich
 53244 | Depths:1 | Found a one-way gate leading to the halls of Pandemonium.
 53376 | Depths:1 | Found a gateway to Hell.
 53594 | Depths:1 | Reached skill level 20 in Fighting
 54359 | Depths:2 | Found a runed translucent door.
 54604 | Depths:2 | Received a gift from Trog
 54980 | Snake:4  | Bought a scroll of enchant armour for 97 gold pieces
 54980 | Snake:4  | Bought a scroll of brand weapon for 123 gold pieces
 54980 | Snake:4  | Bought a scroll of brand weapon for 123 gold pieces
 55304 | Depths:2 | Noticed Norris
 55322 | Depths:2 | Killed Norris
 56179 | Depths:2 | Noticed Cyommoer's ghost (adept DEHW)
 56332 | Depths:3 | Found a one-way gate to the infinite horrors of the Abyss.
 56485 | Depths:3 | Found a magical portal.
 56489 | WizLab   | Entered Yara's Duelist Academy
 56594 | WizLab   | Reached skill level 21 in Fighting
 57012 | WizLab   | Noticed Unterreyte
 57022 | WizLab   | Killed Unterreyte the Head Instructor
 57553 | Depths:3 | Noticed a golden dragon
 57562 | Depths:3 | Killed a golden dragon
 57721 | Depths:3 | Noticed a golden dragon
 57724 | Depths:3 | Noticed a juggernaut
 57732 | Depths:3 | Killed a golden dragon
 57736 | Depths:3 | Reached XP level 22. HP: 173/194 MP: 22/22
 57739 | Depths:3 | Killed a juggernaut
 57746 | Depths:3 | Noticed a juggernaut
 57755 | Depths:3 | Killed a juggernaut
 57904 | Depths:3 | Identified the ring "Xiolemof" {rC+ Str+2 Int+4}
 57952 | Depths:3 | Reached skill level 22 in Fighting
 57952 | Depths:3 | Noticed Margery
 57985 | Depths:3 | Killed Margery
 57989 | Depths:3 | Killed the ghostly Margery
 58139 | Depths:3 | Identified the +1 plate armour "Siad" {rF- rC+ MP+9}
 58202 | Depths:3 | Found a large runed translucent door.
 58203 | Depths:3 | Found a large runed translucent door.
 58486 | Depths:3 | Found a white marble altar of Elyvilon.
 59075 | Depths:3 | Received a gift from Trog
 59079 | Depths:3 | Identified the amulet "Legaela" {Reflect Int+5 SH+5}
 59745 | Depths:3 | Noticed a juggernaut
 59754 | Depths:3 | Killed a juggernaut
 59926 | Depths:3 | Reached skill level 23 in Fighting
 60095 | Depths:3 | Identified the +6 scale mail "Lyl Ymil" {*Slow rC++ Regen+
                  | Stlth+}
 60095 | Depths:3 | Noticed a royal mummy
 60109 | Depths:3 | Killed a royal mummy
 60117 | Depths:3 | Noticed a juggernaut
 60122 | Depths:3 | Killed a juggernaut
 60540 | Depths:4 | Entered Level 4 of the Depths
 60540 | Depths:4 | Noticed Xtahua
 61067 | Depths:4 | Reached XP level 23. HP: 206/207 MP: 23/23
 61265 | Depths:4 | Killed Xtahua
 61274 | Depths:4 | Received a gift from Trog
 61712 | Depths:4 | Found a shimmering blue altar of Sif Muna.
 62132 | Depths:4 | Found a gate to the Realm of Zot.
 62258 | Depths:4 | Noticed a juggernaut
 62264 | Depths:4 | Killed a juggernaut
 62265 | Depths:4 | Reached skill level 24 in Fighting
 62452 | Elf:1    | Entered Level 1 of the Elven Halls
 62670 | Elf:1    | Found Limasel's Magic Scroll Emporium.
 62679 | Elf:1    | Bought a scroll of teleportation for 48 gold pieces
 62679 | Elf:1    | Bought a scroll of teleportation for 48 gold pieces
 62679 | Elf:1    | Bought a scroll of teleportation for 48 gold pieces
 62679 | Elf:1    | Bought a scroll of enchant weapon for 120 gold pieces
 62735 | Elf:1    | Found an ancient bone altar of Kikubaaqudgha.
 62797 | Elf:1    | Received a gift from Trog
 62798 | Elf:1    | Found Tonybbal's Jewellery Emporium.
 63154 | Elf:1    | Acquired the +0 pair of boots of Bitterness {Regen+ Dex+3}
 63196 | Elf:1    | Found Tadirch's Magic Scroll Shop.
 63199 | Elf:1    | Bought a scroll of teleportation for 42 gold pieces
 63199 | Elf:1    | Bought a scroll of fear for 56 gold pieces
 63199 | Elf:1    | Bought a scroll of revelation for 105 gold pieces
 63206 | Elf:1    | Found Kutoppi's Jewellery Boutique.
 63206 | Elf:1    | Found Kyoho Ogaust's Book Shoppe.
 63207 | Elf:1    | Found Beadaoju's Jewellery Boutique.
 63356 | Elf:1    | Found Deruer's Weapon Shoppe.
 63478 | Elf:2    | Received a gift from Trog
 64046 | Elf:2    | Found a runed translucent gate.
 64047 | Elf:2    | Found a runed translucent gate.
 64047 | Elf:2    | Found a runed translucent gate.
 64314 | Elf:3    | Entered Level 3 of the Elven Halls
 64322 | Elf:3    | Reached skill level 25 in Fighting
 64422 | Elf:3    | Received a gift from Trog
 65014 | Elf:3    | Found Keq Zyeff's Antique Armour Shop.
 65288 | Elf:3    | Reached XP level 24. HP: 220/220 MP: 23/23
 65326 | Elf:3    | Identified the +11 halberd of Vaumiex {freeze, rC+ Will+}
 65456 | Elf:3    | Identified the +1 troll leather armour of Jicritafa {^Drain
                  | rPois Regen+ Str+2}
 65516 | Elf:3    | Identified the staff of Destiny {*Slow rC+ Conj Tloc}
 65533 | Elf:3    | Identified the +2 chain mail "Qilifun" {rElec rC- SInv
                  | Stlth+}
 65641 | Elf:3    | Identified the +2 scale mail "Xuhug" {+Inv Dex+2}
 65683 | Elf:3    | Identified the staff of the Other Side {Int+3 Fire Earth}
 65990 | Vaults:5 | Entered Level 5 of the Vaults
 65999 | Vaults:5 | Received a gift from Trog
 66205 | Vaults:5 | Gained mutation: You occasionally shout uncontrollably at
                  | your foes. [a shining eye]
 66719 | Vaults:5 | Reached skill level 26 in Fighting
 66761 | Vaults:5 | Received a gift from Trog
 66873 | Vaults:5 | Noticed a dread lich
 66889 | Vaults:5 | Killed a dread lich
 66953 | Vaults:5 | Noticed a dread lich
 66960 | Vaults:5 | Killed a dread lich
 67102 | Vaults:5 | Identified the ring "Toifewio" {rF++ Str-2 Slay+4}
 67137 | Vaults:5 | Reached XP level 25. HP: 189/232 MP: 23/23
 67309 | Vaults:5 | Received a gift from Trog
 67394 | Vaults:5 | Identified the orb of the Hanged Man {*channel, rF+ MP+9}
 67394 | Vaults:5 | Noticed Frederick
 67406 | Vaults:5 | Killed Frederick
 67526 | Vaults:5 | Got a silver rune of Zot
 67709 | Vaults:5 | Noticed Mara
 67714 | Vaults:5 | Noticed gimp's illusion
 67760 | Vaults:5 | Noticed an ancient lich
 67765 | Vaults:5 | Killed an ancient lich
 68016 | Vaults:5 | Killed Mara
 68420 | Zot:1    | Entered Level 1 of the Realm of Zot
 68489 | Zot:1    | Noticed an orb of fire
 68489 | Zot:1    | Gained mutation: You expend magic power (3 MP) to
                  | strengthen your wands. [an orb of fire]
 68504 | Zot:1    | Killed an orb of fire
 68669 | Zot:1    | Received a gift from Trog
 68670 | Zot:1    | Reached skill level 27 in Fighting
 68820 | Zot:1    | Noticed Vv
 68846 | Zot:1    | Killed Vv
 70002 | Zot:2    | Noticed an orb of fire
 70008 | Zot:2    | Gained mutation: Your magical capacity is low. (-10% MP)
                  | [an orb of fire]
 70015 | Zot:2    | Gained mutation: You are vulnerable to cold. (rC-) [an orb
                  | of fire]
 70018 | Zot:2    | Gained mutation: Your magical capacity is very low. (-20%
                  | MP) [an orb of fire]
 70034 | Zot:2    | Killed an orb of fire
 70057 | Zot:1    | Lost mutation: You expend magic power (3 MP) to strengthen
                  | your wands. [potion of mutation]
 70057 | Zot:1    | Lost mutation: Your magical capacity is very low. (-20% MP)
                  | [potion of mutation]
 70057 | Zot:1    | Lost mutation: Your magical capacity is low. (-10% MP)
                  | [potion of mutation]
 70057 | Zot:1    | Gained mutation: You are partially covered in large bone
                  | plates. (SH +4) [potion of mutation]
 70058 | Zot:1    | Lost mutation: You occasionally shout uncontrollably at
                  | your foes. [potion of mutation]
 70058 | Zot:1    | Lost mutation: You are partially covered in large bone
                  | plates. (SH +4) [potion of mutation]
 70058 | Zot:1    | Lost mutation: You are vulnerable to cold. (rC-) [potion of
                  | mutation]
 70058 | Zot:1    | Gained mutation: Your magical capacity is low. (-10% MP)
                  | [potion of mutation]
 70058 | Zot:1    | Gained mutation: You are frail. (-10% HP) [potion of
                  | mutation]
 70318 | Zot:2    | Noticed Parghit
 70327 | Zot:2    | Killed Parghit
 70556 | Vaults:2 | You paid a toll of +6 gold dragon scales to enter a
                  | treasure trove
 70557 | Trove    | Entered a treasure trove
 70584 | Trove    | Found the brooch of Shielding {Spirit SH+8}
 70609 | Trove    | Identified the +1 pair of boots of the Oily God {Str+4
                  | Dex+3}
 70842 | Elf:3    | Bought a runed helmet for 195 gold pieces
 71762 | Zot:3    | Reached XP level 26. HP: 157/217 MP: 20/20
 71843 | Zot:3    | Received a gift from Trog
 72278 | Zot:3    | Identified the +0 plate armour "Koen" {rElec rCorr Str+2}
 72404 | Zot:3    | Identified the +7 quarterstaff of Fragile Peace {drain, rC+
                  | Will+ Int-3}
 73534 | Zot:4    | Received a gift from Trog
 74348 | Zot:5    | Entered Level 5 of the Realm of Zot
 74698 | Zot:5    | Noticed an orb of fire
 74757 | Zot:5    | Gained mutation: Armour fits poorly on your strangely
                  | shaped body. [an orb of fire]
 74759 | Zot:5    | Noticed an orb of fire
 74761 | Zot:5    | Noticed a Killer Klown
 74763 | Zot:5    | Killed an orb of fire
 74767 | Zot:5    | Killed an orb of fire
 74767 | Zot:5    | Noticed a Killer Klown
 74850 | Zot:4    | Reached XP level 27. HP: 224/224 MP: 20/20
 75172 | Zot:5    | Lost mutation: You are frail. (-10% HP) [potion of
                  | mutation]
 75172 | Zot:5    | Lost mutation: Your magical capacity is low. (-10% MP)
                  | [potion of mutation]
 75172 | Zot:5    | Gained mutation: You expend magic power (3 MP) to
                  | strengthen your wands. [potion of mutation]
 75172 | Zot:5    | Gained mutation: You have a pair of small antennae on your
                  | head. [potion of mutation]
 75173 | Zot:5    | Lost mutation: You expend magic power (3 MP) to strengthen
                  | your wands. [potion of mutation]
 75173 | Zot:5    | Lost mutation: Armour fits poorly on your strangely shaped
                  | body. [potion of mutation]
 75173 | Zot:5    | Lost mutation: You have a pair of small antennae on your
                  | head. [potion of mutation]
 75173 | Zot:5    | Gained mutation: Your magical capacity is low. (-10% MP)
                  | [potion of mutation]
 75173 | Zot:5    | Gained mutation: Your spells are a little harder to cast,
                  | but a little more powerful. [potion of mutation]
 75249 | Zot:5    | Noticed a dread lich
 75269 | Zot:5    | Noticed an orb of fire
 75270 | Zot:5    | Killed a dread lich
 75273 | Zot:5    | Killed an orb of fire
 75562 | Zot:5    | Noticed an ancient lich
 75572 | Zot:5    | Killed an ancient lich
 75726 | Zot:5    | Received a gift from Trog
 75889 | Zot:5    | Noticed a dread lich
 75904 | Zot:5    | Killed a dread lich
 76241 | Zot:5    | Got the Orb of Zot
 76552 | D:10     | Noticed Xooblum the pandemonium lord
 76728 | D:$      | Escaped with the Orb!

Illustrated notes

Levels and vault maps discovered:
D:1:      sevenhm_arrival_forest_fort_large_4, layout_basic
D:2:      layout_rooms, basic_altar, dreamdust_ecumenical_altar_statues
D:3:      layout_rooms, roderic_lattice_a, reono_crystal_passage, st_stairs_5,
          kennysheep_boxes, uniq_crazy_yiuf_cottage
D:4:      layout_layer_cave, nemelex_dance_club_becter,
          nicolae_uskayaw_suspiria, mainiacjoe_overflow_surrounded_room,
          mainiacjoe_overflow_six_doors_small, fedhas_altar_decomposition,
          minmay_temple_entry_purple_smoke, serial_shops, nicolae_stop_n_shop_1
D:5:      layout_rooms, slow_altar_1, chequers_serial_rivers_small_3
D:6:      layout_loops_cross, kennysheep_ying_yang, serial_shops,
          nicolae_shop_stone, fountainhead
D:7:      nzn_winding_woodlands_large [nzn_winding_woodlands_5x5_closed_star,
          nzn_winding_woodlands_5x15_split_checker,
          nzn_winding_woodlands_5x5_cross, nzn_winding_woodlands_center_lodge,
          nzn_winding_woodlands_15x15_killbox,
          nzn_winding_woodlands_center_triple_pond,
          nzn_winding_woodlands_5x5_checkerboard,
          nzn_winding_woodlands_5x15_eye, nzn_winding_woodlands_5x5_three],
          layout_rooms
D:8:      layout_cave_pools, dpeg_lair_monsters, grunt_ministairs_11
D:9:      layout_long_grid, pdpol_temple_overflow_zin_treasury_gozag_greed,
          kennysheep_okawaru_gauntlet, enter_bailey_3
D:10:     gammafunk_cloud_chamber, layout_basic, xom_redecorated,
          evilmike_ruin_ashenzari, nicolae_inconvenience_store,
          nicolae_water_bricks, minmay_misc_feat_pillars, uniq_maurice
D:11:     layout_rooms, minmay_fractal_squares_5, uniq_erolcha
D:12:     layout_grid_maze, orc_david_3, uniq_lodul
D:13:     layout_rooms, david_vaults_3, uniq_frances
D:14:     layout_small_grid, minmay_misc_feat_ornament
D:15:     regret_index_condemned_cage, layout_basic, serial_aquarium,
          aquarium_bridge_square [aquarium_subvault_bridge,
          aquarium_subvault_bridge, aquarium_subvault_bridge,
          aquarium_subvault_bridge], aquarium_window_2, aquarium_window_2,
          aquarium_window_corridor_3, aquarium_view_2g, aquarium_view_2d,
          aquarium_balcony_3a, lemuel_tele_altar
Lair:1:   layout_regular_city, beast_lair_carwin_5, uniq_erica
Lair:2:   layout_long_grid, beast_lair_carwin_3, grunt_megastairs_4
Lair:3:   regret_index_malice_mire, layout_concentric_octagons,
          mainiacjoe_shoals_entry_four_pools, nicolae_snake_entry_warm_welcome,
          disabler_island, serial_bayou_shore_a
Lair:4:   layout_hall_layers, minmay_slime_entry_oklob_open,
          infiniplex_staircase_pool_2, grunt_megastairs_2, uniq_josephine
Lair:5:   minmay_lair_end_frog_pond, layout_concentric_octagons
Shoals:1: layout_shoals, serial_shops, shop, uniq_jorgrun
Shoals:2: layout_shoals, serial_shops, shop, uniq_nikola
Shoals:3: nicolae_shoals_aurelia_aurita, layout_shoals, nicolae_shoals_so_close
Shoals:4: shoals_end_grunt_garden, layout_shoals,
          nicolae_shoals_kraken_intersection
Snake:1:  layout_layer_cave, nicolae_shop_sticking_my_neck_out,
          lemuel_fruit_tree, minmay_shoptagon, uniq_aizul, uniq_kirke,
          uniq_roxanne, uniq_agnes, uniq_rupert
Snake:2:  layout_honeycomb, serial_bayou_shore_b
Snake:3:  layout_cave_town
Snake:4:  grunt_snake_rune_serpentine_throne, layout_layer_cave,
          minmay_snake_pond, minmay_shop_star
Orc:1:    layout_diamond_mine, serial_shops, shop
Orc:2:    grunt_orc_tribal_feast, layout_caves, basic_altar, uniq_sonja
Elf:1:    eino_elf_arrival_the_gate, layout_geoelf_grid, serial_shops,
          nicolae_shop_tiny_waterfront, shop_statue,
          nicolae_shop_hallway_stairs, nicolae_shop_behind_doors, basic_altar,
          nicolae_elf_shapeshifter_party, minmay_shop_grove
Elf:2:    nicolae_elf_blades_crystal_corner, layout_gridlike, grunt_ministairs_8
Elf:3:    elf_hall_gauntlet_wide, layout_loops_corners, serial_shops, shop
Vaults:1: hangedman_vaults_stream, v_misc_22, grunt_vaults_trifunnel,
          nicolae_vaults_wrenched, nicolae_vaults_yaktaur_gun_rack,
          nicolae_vaults_network_periphery, v_misc_17,
          nicolae_vaults_closet_pinwheel_4, vaults_dpeg_doors,
          serial_library_hellmonk_open_cross, layout_vaults_omnicross
Vaults:2: ontoclasm_vaults_fault, nicolae_vaults_tetromino_L_1,
          lightli_orcish_oven, nicolae_vaults_network_quinsquares
          [nicolae_vaults_network_quincunx_subvault,
          nicolae_vaults_network_quincunx_subvault,
          nicolae_vaults_network_quincunx_subvault,
          nicolae_vaults_network_quincunx_subvault], nicolae_vaults_apartment_2,
          vaults_room_semicircle, nicolae_vaults_mini_display_case, v_misc_1,
          nicolae_vaults_more_shelving_2, nicolae_vaults_trapezoid_lopsided_1,
          v_pattern_3, layout_vaults_quadrants, nicolae_trove_entry_free_sample
Vaults:3: minmay_crypt_entry_nasty_monster, nicolae_vaults_alarming,
          nicolae_vaults_trapezoid_layered, v_misc_15,
          nicolae_vaults_network_star, v_misc_18,
          nicolae_vaults_bisected_exclaves,
          nicolae_vaults_windows_and_doors_thing, v_rooms_4,
          nicolae_vaults_rhombus_5, ontoclasm_vaults_ring_square,
          vaults_mumra_chevron, ontoclasm_vaults_tryst,
          nicolae_vaults_apartment_2, nicolae_vaults_security_offices_6,
          layout_vaults_omnibox, serial_shops, shop
Vaults:4: nicolae_vaults_back_hallway, v_rooms_1, nicolae_vaults_prndl,
          vaults_room_fours, vaults_dpeg_ring,
          nicolae_vaults_shipping_containers_4, nicolae_vaults_house_1,
          nicolae_vaults_shrinking_rooms_2, ontoclasm_vaults_misaligned,
          hangedman_vaults_cutoff, v_misc_22, nicolae_vaults_hallways_thing,
          vaults_room_pool, nicolae_vaults_closet_pinwheel_6,
          nicolae_vaults_rhombus_5, grunt_vaults_funnel, v_misc_14,
          nicolae_vaults_tetromino_T_1, layout_vaults_ring
Vaults:5: uniq_frederick, uniq_mara
Depths:1: layout_forbidden_donut, enter_ziggurat_d, pan_entry, hell_entry,
          roderic_lattice_octagonal_star, chequers_hall_statues_wall_a,
          zin_academy
Depths:2: nicolae_cairo_tiling, layout_cave_shapes, rand_demon_pan_entry_8,
          ebering_ghost_reflecting_pool, nicolae_twisting_strands, hell_entry,
          uniq_norris
Depths:3: lightli_eight_chambers, layout_cave_shapes,
          abyss_entry_small_statue_room, pf_hell_entry_tar_spiral,
          mu_enter_wizlab_7, elyvilon_altar_1, minmay_swirly_circle,
          uniq_margery
Depths:4: evilmike_zot_entry_basic, layout_small_grid, hell_entry,
          lemuel_statue_altar, uniq_xtahua
Zot:1:    layout_basic, regret_index_zotdec_plus, uniq_vv
Zot:2:    layout_basic, regret_index_zotdec_serpentine_scales, uniq_parghit
Zot:3:    layout_onion_interference, hangedman_zot_decor_scrapings
Zot:4:    layout_onion, regret_index_zotdec_gossamer_gf
Zot:5:    layout_gridlike, st_stairs_9

Skill      XL: |  1  2  3  4  5  6  7  8  9 10 11 12 13 14 15 16 17 18 19 20 21 22 23 24 25 26 27 |
---------------+----------------------------------------------------------------------------------+-----
Axes           | 4 5 6 7 9 11 14 16 18 19 20 22 23 | 23.4
Fighting       | 4 5 7 8 9 10 12 14 17 19 21 23 25 26 27 | 27.0
Armour         | 4 7 9 11 12 13 15 16 18 19 20 21 23 24 | 24.4
Dodging        | 2 6 8 10 12 13 17 18 | 18.0
Evocations     | 2 8 11 14 15 | 15.0

Action                     |  1- 3 |  4- 6 |  7- 9 | 10-12 | 13-15 | 16-18 | 19-21 | 22-24 | 25-27 || total
---------------------------+-------+-------+-------+-------+-------+-------+-------+-------+-------++-------
  Melee: Hand axe          |    64 |       |    14 |   566 |   620 |       |       |       |       ||  1264
         Dagger            |    76 |    79 |   213 |   499 |  1352 |  1068 |   140 |       |       ||  3427
         War axe           |    17 |    92 |   215 |       |       |   902 |   852 |   347 |       ||  2425
         Scimitar          |       |       |       |    31 |    15 |       |       |       |       ||    46
         Broad axe         |       |       |       |       |   796 |   286 |   662 |  1035 |  1077 ||  3856
 Invoke: Berserk           |     1 |     1 |     7 |    26 |    29 |    31 |    20 |    17 |     9 ||   141
         Trog's Hand       |       |       |     1 |     1 |     3 |     5 |     4 |     6 |     7 ||    27
         Brothers in Arms  |       |       |       |       |     2 |     7 |     2 |       |     2 ||    13
Ability: Invent Gizmo      |       |       |       |       |     1 |       |       |       |       ||     1
  Evoke: Wand              |       |       |       |       |     4 |    10 |       |       |     7 ||    21
         Sack of spiders   |       |       |       |       |     1 |     2 |       |       |     1 ||     4
         Phial of floods   |       |       |       |       |       |     1 |       |       |       ||     1
         Lightning rod     |       |       |       |       |       |       |       |     4 |     1 ||     5
         Condenser vane    |       |       |       |       |       |       |       |       |     1 ||     1
    Use: Potion            |       |     1 |       |     1 |     6 |     1 |     1 |       |    15 ||    25
         Scroll            |       |       |       |    16 |    12 |    12 |    11 |    14 |    15 ||    80
   Stab: Sleeping          |     1 |       |       |       |       |       |       |       |       ||     1
         Petrified         |       |       |       |       |     9 |       |       |       |       ||     9
         Petrifying        |       |       |       |       |     2 |       |       |       |       ||     2
         Distracted        |       |       |       |       |     1 |     3 |     1 |       |       ||     5
 Armour: Animal skin       |    45 |     3 |       |       |       |       |       |       |       ||    48
         Plate armour      |       |    25 |       |       |       |       |       |       |       ||    25
         Ring mail         |       |    45 |    88 |       |       |       |       |       |       ||   133
         Steam dragon scal |       |       |    80 |   102 |       |       |       |       |       ||   182
         Scale mail        |       |       |       |   330 |   737 |   100 |       |       |       ||  1167
         Skin              |       |       |       |       |    14 |       |       |       |       ||    14
         Leather armour    |       |       |       |       |   156 |   187 |       |       |       ||   343
         Swamp dragon scal |       |       |       |       |       |   598 |   524 |       |       ||  1122
         Gold dragon scale |       |       |       |       |       |       |     4 |   759 |   654 ||  1417
  Dodge: Dodged            |    40 |    30 |   118 |   203 |   708 |   773 |   621 |   369 |   296 ||  3158
         Repelled          |       |       |       |       |    14 |   107 |    48 |    91 |    98 ||   358

Table legend: (Time is in decaauts)
 A = Elapsed time spent in this place.
 B = Non-inter-level travel time spent in this place.
 C = Inter-level travel time spent in this place.
 D = Time resting spent in this place.
 E = Time spent auto-exploring this place.
 F = Levels seen in this place.
 G = Mean time per level.
                   A        B        C        D        E       F      G
               +--------+--------+--------+--------+--------+-----+--------+
         Total |  77380 |  70892 |   6488 |   8241 |  48352 |  50 | 1547.6 |
       Dungeon |  18610 |  16341 |   2269 |   1649 |  11264 |  15 | 1240.7 |
          Lair |   9873 |   9220 |    653 |   1014 |   6305 |   5 | 1974.6 |
        Shoals |   5958 |   5741 |    217 |    584 |   4118 |   4 | 1489.5 |
     Snake Pit |   9280 |   8726 |    554 |   1683 |   5539 |   4 | 2320.0 |
  Orcish Mines |   2313 |   1882 |    431 |    233 |   1149 |   2 | 1156.5 |
   Elven Halls |   3622 |   3234 |    388 |     53 |   2405 |   3 | 1207.3 |
        Vaults |  10337 |   9706 |    631 |    734 |   7264 |   5 | 2067.4 |
        Depths |   8717 |   8172 |    545 |   1577 |   5036 |   4 | 2179.2 |
           Zot |   7138 |   6341 |    797 |    392 |   4624 |   5 | 1427.6 |
         Trove |     69 |     69 |      0 |      0 |     32 |   1 |   69.0 |
        Bailey |    497 |    497 |      0 |     74 |    255 |   1 |  497.0 |
        Wizlab |    960 |    960 |      0 |    245 |    358 |   1 |  960.0 |
               +--------+--------+--------+--------+--------+-----+--------+

Top non-repeatable levels by time:
 Snake:4: 4558 daAuts
Depths:3: 3848 daAuts
  Lair:3: 3296 daAuts
    D:15: 2426 daAuts
Vaults:1: 2308 daAuts
    D:12: 2271 daAuts
Vaults:2: 2198 daAuts
Vaults:4: 2163 daAuts
 Snake:1: 2092 daAuts
  Lair:5: 1992 daAuts
Vaults:3: 1885 daAuts
Shoals:3: 1861 daAuts
  Lair:4: 1833 daAuts
Vaults:5: 1781 daAuts
   Zot:4: 1702 daAuts
